 Dungeon Crawl Stone Soup version 0.29.1 (webtiles) character file.

Game seed: 12383013451893649462

113720 Ofeo the Apostle (level 16, 149/149 HPs)
             Began as a Hill Orc Monk on Sept 11, 2022.
             Was a High Priest of Beogh.
             Quit the game on level 2 of the Shoals on Sept 13, 2022.
             The game lasted 01:19:02 (31830 turns).

Ofeo the Apostle (Hill Orc Monk)                   Turns: 31830, Time: 01:19:03

Health: 149/149    AC: 36    Str: 19    XL:     16   Next: 64%
Magic:  27/27      EV: 13    Int:  9    God:    Beogh [*****.]
Gold:   2551       SH:  0    Dex: 24    Spells: 15/15 levels left

rFire   . . .      SeeInvis +   a - +10 triple sword of Freezing Defence {vorpal, Dex+5}
rCold   + . .      Faith    .   (shield currently unavailable)
rNeg    . . .      Spirit   +   u - +14 chain mail "Nobeir" {rF- Regen+ SInv}
rPois   .          Reflect  .   L - +2 helmet {SInv}
rElec   .          Harm     .   o - +0 cloak
rCorr   .          Rampage  .   g - +1 pair of gloves
Will    +....                   p - +0 pair of boots
Stlth   ++........              G - amulet of guardian spirit
HPRegen 1.14/turn               F - ring of protection from fire
MPRegen 0.20/turn               Q - +4 ring of slaying

@: no status effects
A: walk on water, agile 1, cold resistance 1, wild magic 1
a: Renounce Religion, Smiting, Recall Orcish Followers, Give Item to Named
Follower


You were on level 2 of the Shoals.
You worshipped Beogh.
Beogh was extremely pleased with you.
You visited 5 branches of the dungeon, and saw 24 of its levels.
You also visited: Sewer.

You collected 3077 gold pieces.
You spent 526 gold pieces at shops.

Inventory:

Hand Weapons
 a - the +10 triple sword of Freezing Defence (weapon) {vorpal, Dex+5}
   (You found it on level 1 of the Lair of Beasts)

   It inflicts extra damage upon your enemies.
   Dex:       It affects your dexterity (+5).
 b - a +2 eveningstar of draining
 e - a +0 trident of protection
 t - a +0 bardiche
 K - a +1 trident of protection
 U - the +7 morningstar "Kaymin" {vorpal, rElec rC+ rCorr}
   (You found it on level 14 of the Dungeon)

   It inflicts extra damage upon your enemies.
   rC:        It protects you from cold.
   rElec:     It insulates you from electricity.
   rCorr:     It protects you from acid and corrosion.
Missiles
 s - 8 curare-tipped darts (quivered)
 N - 19 javelins
 P - 2 throwing nets
Armour
 g - a +1 pair of gloves (worn)
 o - a +0 cloak (worn)
 p - a +0 pair of boots (worn)
 u - the +14 chain mail "Nobeir" (worn) {rF- Regen+ SInv}
   (You found it on level 1 of the Shoals)

   rF:        It makes you vulnerable to fire.
   SInv:      It lets you see invisible.
   Regen:     It increases your rate of health regeneration.
 v - the +5 ring mail "Alon Lofarph" {Int+7}
   (You found it on level 5 of the Dungeon)

   Int:       It affects your intelligence (+7).
 L - a +2 helmet of see invisible (worn)
 M - the +9 chain mail "Zidghoewk" {-Cast Harm Dex-2 Stlth+}
   (You found it on level 13 of the Dungeon)

   Dex:       It affects your dexterity (-2).
   -Cast:     It prevents spellcasting.
   Harm:      It increases damage dealt and taken.
   Stlth:     It makes you more stealthy.
Jewellery
 E - a ring of magical power
 F - a ring of protection from fire (left hand)
 G - an amulet of guardian spirit (around neck)
 Q - a +4 ring of slaying (right hand)
Wands
 f - a wand of iceblast (6) {@v4}
 n - a wand of acid (4) {@v2}
 H - a wand of flame (18)
 J - a wand of charming (24)
 T - a wand of mindburst (8)
Scrolls
 i - 16 scrolls of identify {@r1}
 j - 17 scrolls of teleportation {@r3}
 r - 6 scrolls of fear
 w - a scroll of silence
 y - 2 scrolls of immolation
 z - 7 scrolls of magic mapping
 B - 5 scrolls of noise
 R - 2 scrolls of enchant armour
 V - 5 scrolls of blinking {@r4}
 Y - 5 scrolls of fog
 Z - a scroll of amnesia
Potions
 c - 4 potions of ambrosia
 d - 2 potions of flight
 h - 6 potions of heal wounds {@q2}
 l - 4 potions of lignification
 m - 6 potions of mutation
 q - 9 potions of curing {@q1}
 x - a potion of magic
 A - 2 potions of cancellation
 C - 2 potions of haste {@q3}
 D - 3 potions of might {@q4}
 O - 3 potions of attraction
 S - a potion of berserk rage
 W - 3 potions of invisibility
 X - a potion of resistance {@q6}
Miscellaneous
 k - a box of beasts
 I - a lightning rod (4/4)


   Skills:
 + Level 15.2 Fighting
 + Level 13.9 Long Blades
 - Level 13.1 Axes
 + Level 13.2 Armour
 + Level 7.7 Dodging
 - Level 9.1 Stealth
 + Level 15.4 Invocations


You had 15 spell levels left.
You didn't know any spells.
Your spell library contained the following spells:

 Spells                   Type           Power      Damage    Failure   Level
 Beastly Appendage        Tmut           0%         N/A       97%         1
 Freeze                   Ice            0%         1d3       97%         1
 Magic Dart               Conj           0%         1d3       97%         1
 Sandblast                Erth           0%         2d4       97%         1
 Shock                    Conj/Air       0%         1d3       97%         1
 Slow                     Hex            0%         N/A       97%         1
 Passwall                 Tmut/Erth      0%         N/A       99%         2
 Static Discharge         Conj/Air       0%         3-3/arc   99%         2
 Wereblood                Tmut           0%         N/A       99%         2
 Call Canine Familiar     Summ           0%         N/A       100%        3
 Confusing Touch          Hex            0%         N/A       100%        3
 Frozen Ramparts          Ice            0%         1d1       100%        3
 Portal Projectile        Hex/Tloc       0%         N/A       100%        3
 Spider Form              Tmut/Pois      0%         N/A       100%        3
 Stone Arrow              Conj/Erth      0%         3d7       100%        3
 Swiftness                Air            0%         N/A       100%        3
 Vampiric Draining        Necr           0%         2d6       100%        3
 Airstrike                Air            0%         2d(0-16)  100%        4
 Animate Dead             Necr           0%         N/A       100%        4
 Cause Fear               Hex            0%         N/A       100%        4
 Corpse Rot               Necr/Pois/Air  0%         N/A       100%        4
 Dispel Undead            Necr           0%         3d6       100%        4
 Fulminant Prism          Conj/Hex       0%         3d6       100%        4
 Hailstorm                Conj/Ice       0%         3d3       100%        4
 Ice Form                 Ice/Tmut       0%         N/A       100%        4
 Iskenderun's Mystic Bla  Conj/Tloc      0%         2d3       100%        4
 Leda's Liquefaction      Hex/Erth       0%         N/A       100%        4
 Olgreb's Toxic Radiance  Pois           0%         N/A       100%        4
 Summon Ice Beast         Ice/Summ       0%         N/A       100%        4
 Borgnjor's Vile Clutch   Necr/Erth      0%         N/A       100%        5
 Fireball                 Conj/Fire      0%         3d3       100%        5
 Lee's Rapid Deconstruct  Erth           0%         3d5*      100%        5
 Lightning Bolt           Conj/Air       0%         1d11      100%        5
 Death Channel            Necr           0%         N/A       100%        6
 Starburst                Conj/Fire      0%         6d3       100%        6
 Statue Form              Tmut/Erth      0%         N/A       100%        6
 Dragon Form              Tmut           0%         N/A       100%        7
 Haunt                    Necr/Summ      0%         N/A       100%        7
 Ozocubu's Refrigeration  Ice            0%         4d7       100%        7
 Ignition                 Fire           0%         3d3       100%        8
 Infestation              Necr           0%         N/A       100%        8
 Maxwell's Capacitive Co  Air            0%         ∞         100%        8
 Dragon's Call            Summ           0%         N/A       100%        9


Dungeon Overview and Level Annotations

Branches:
Dungeon (15/15)            Temple (0/1) D:5            Lair (5/5) D:10
 Shoals (2/4) Lair:2       Spider (1/4) Lair:2        Slime (0/5) Lair:5
    Orc (1/2) D:12         Vaults (0/5) D:13         Depths (0/4) D:15
  Sewer (visited)

Altars:
Cheibriados
Elyvilon
Fedhas
Gozag
Hepliaklqana
Kikubaaqudgha
Makhleb
Okawaru
Ru
Sif Muna
Trog
Vehumet
Xom
Yredelemnul
Zin
Lugonu

Shops:
D:4 =   D:6 (!   D:9 *   D:10 [*   Shoals:1 (

Portals:
Abyss: Shoals:2

Annotations:
Shoals:2 1 runed translucent door
Orc:1 Jorgrun


Innate Abilities, Weirdness & Mutations

You can walk on water.
You are agile. (Dex +4, Str/Int -1)
Your flesh is cold resistant. (rC+)
Your spells are a little harder to cast, but a little more powerful.


Message History

Key pressed, stopping explore.
Key pressed, stopping explore.
Key pressed, stopping explore.
Key pressed, stopping explore.
Key pressed, stopping explore.
Key pressed, stopping explore.
Key pressed, stopping explore.
Key pressed, stopping explore.
Key pressed, stopping explore.
Key pressed, stopping explore.
Key pressed, stopping explore.
Key pressed, stopping explore.
Key pressed, stopping explore.
Unknown command.
Key pressed, stopping explore.
Things that are here:
a +0 longbow; a +0 quarterstaff
There is a stone staircase leading down here.
Unknown command.
You see here a +2 spear of venom.
Things that are here:
a +3 trident; a +0 halberd; a boomerang of dispersal
There is a stone staircase leading down here.
Unknown command.
You begin recalling your allies.
Orik is recalled.
Bogdan is recalled.
Bogmar is recalled.
You now have 25/27 mp.
Your orc warrior is recalled.
You finish recalling your allies.
Level annotation: 1 runed translucent door Welcome back, Ofeo the Hill Orc Monk.
Beogh says: Drown the unbelievers in a sea of blood!
Press ? for a list of commands and other information.
You swap places.
MP restored: 27 The chaos spawn bellows!
You swap places.
You swap places.
The shining eye turns its gaze towards you.
Are you sure you want to abandon this character and quit the game? (Confirm with "yes".)

~##....oo)..≈####+####..}........
~...........P....~~~.............
~~.....).........~~............~.
~~..~~~~.........~..).)........≈~
~~~~~~~~..........~))...........~
~~)~~~~~~.....(.oo...[..........~
o.#.~~~~~.(.....o....~~.......~~~
..##~~~~~.......oo.....~....P~P~~
....~~~~~~~~....@......~~~..P~~~≈
~....~~~~~~~..>....~~..~~~~~~~≈≈≈
~~..~~~~~~≈~.......~~~.~~~~~P≈≈≈≈
~~~~~~PP~≈≈~........~~[.~~≈≈≈≈≈~P
~~~~~~~~P≈≈~.....###....~~≈≈≈≈≈≈~
~~~~P~P~P≈~~.~...# ###.~~~≈≈≈≈≈≈~
~~~~P~P≈≈≈~~~~.#######..~~~~~~P.~
~~~~~~P≈≈≈≈~.~.#...)#..~~~~~~.oo.
~~~~≈≈≈≈≈≈≈PP~........~~~~~~.###o


You could see the friendly Orik the orc warlord, the friendly Wargath the orc
warlord, the friendly Bogdan the orc knight, the friendly Bogmar the orc knight
and a friendly orc warrior.

Vanquished Creatures
  Rupert (Lair:3)
  2 merfolk impalers (Shoals:2)
  A fire dragon (D:14)
  3 vault guards (D:13)
  4 boulder beetles
  4 hydras
  2 merfolk avatars (Shoals:1)
  Erica (D:10)
  2 catoblepae (Lair:5)
  A two-headed ogre (D:11)
  7 death yaks
  A centaur warrior (D:14)
  A satyr (Shoals:2)
  Nergalle (D:10)
  Urug (D:11)
  A fire crab (Lair:4)
  Amaemon (Lair:1)
  5 sea snakes
  An orc knight (D:15)
  6 harpies
  A cyclops (D:14)
  4 ugly things
  A faun (Shoals:2)
  4 manticores
  5 elephants
  2 merfolk sirens (Shoals:1)
  Maurice (D:10)
  3 water nymphs
  4 torpor snails
  2 apocalypse crabs (Shoals:2)
  2 black mambas (Lair:5)
  5 cane toads
  2 unseen horrors (D:11)
  An orange demon (Lair:1)
  An efreet (D:14)
  A freezing wraith (D:15)
  A komodo dragon (Lair:5)
  2 ice devils (Lair:5)
  3 rime drakes
  2 meliai (D:15)
  2 trolls
  8 merfolk
  Grinder (D:4)
  4 dream sheep (Lair:4)
  A snapping turtle (Shoals:1)
  4 slime creatures
  4 blink frogs
  3 shadows
  Sigmund (D:2)
  A wyvern (Lair:2)
  14 yaks
  3 water elementals
  2 vampires
  A wraith (D:12)
  2 basilisks
  A steam dragon (D:9)
  Edmund (D:4)
  A two-headed ogre zombie (D:12)
  Duvessa (D:4)
  8 water moccasins
  Pargi (Sewer)
  A black bear (Lair:3)
  3 ogres
  An orc warrior (D:10)
  A boggart (D:14)
  2 wolves
  8 centaurs
  2 phantoms (D:5)
  2 kobold brigands
  6 bullfrogs
  A necrophage (D:5)
  5 scorpions
  2 wights (D:9)
  Dowan (D:4)
  15 killer bees
  3 howler monkeys
  3 hounds
  2 jellies (D:4)
  5 orc priests
  4 iguanas
  11 orc wizards
  6 ogre zombies (D:12)
  2 hound zombies (D:3)
  4 gnolls (D:3)
  7 adders
  2 white imps
  An ufetubus (D:7)
  An adder zombie (D:3)
  3 worms
  3 dart slugs
  9 orcs
  6 ball pythons
  8 endoplasms
  2 giant cockroaches
  7 goblins
  3 hobgoblins
  A quokka (D:1)
  A ball python zombie (D:3)
  3 bats (D:1)
  6 frilled lizards
  A goblin skeleton (D:12)
  3 goblin zombies (D:12)
  A hobgoblin skeleton (D:12)
  A hobgoblin zombie (D:12)
  14 kobolds
  An orc skeleton (D:12)
  9 orc zombies (D:12)
  10 rats
350 creatures vanquished.

Vanquished Creatures (collateral kills)
  Snorg (D:12)
  2 merfolk impalers
  A merfolk javelineer (Shoals:2)
  5 vault guards (D:13)
  Fannar (Orc:1)
  The ghost of Valamore the Severer, a journeyman GrFi of Okawaru (Lair:1)
  A boulder beetle (Lair:1)
  2 catoblepae (Lair:5)
  A merfolk avatar (Shoals:1)
  8 hydras
  5 two-headed ogres
  6 centaur warriors
  3 merfolk aquamancers
  A satyr (Shoals:2)
  5 tengu warriors
  14 death yaks
  4 skeletal warriors
  A glowing orange brain (D:15)
  A sea snake (Shoals:1)
  A harpy (shapeshifter) (D:14)
  12 harpies
  An orc sorcerer (Orc:1)
  2 orc knights
  6 ugly things
  3 deep elf pyromancers
  2 cyclopes (D:15)
  9 fauns
  3 manticores
  14 elephants
  2 black mambas
  A water nymph (Shoals:2)
  2 apocalypse crabs (Shoals:2)
  A torpor snail (Lair:1)
  An eye of devastation (shapeshifter) (D:15)
  3 merfolk sirens
  5 cane toads
  3 rime drakes
  3 komodo dragons
  A polar bear (Lair:1)
  4 meliai
  6 trolls
  9 merfolk
  9 blink frogs
  A wind drake (Shoals:1)
  2 polar bears (shapeshifter)
  5 dream sheep (Lair:4)
  4 slime creatures
  7 snapping turtles
  6 water elementals
  A vampire (D:13)
  2 wraiths
  A shadow (D:12)
  4 wyverns
  30 yaks
  2 wargs (Orc:1)
  A steam dragon (D:9)
  3 acid dragons
  11 water moccasins
  3 orc warriors
  5 wolves
  An ogre (Orc:1)
  8 centaurs
  A kobold brigand (D:8)
  5 bullfrogs
  7 scorpions
  A necrophage (D:6)
  4 wights (D:9)
  18 killer bees (D:13)
  3 electric eels (D:14)
  2 orc priests
  A hound (D:7)
  3 orc wizards
  An ogre zombie (D:12)
  An adder (D:6)
  A shadow imp (D:6)
  A worm (Lair:2)
  8 orcs
  2 giant cockroaches (Lair:2)
  3 kobolds (D:8)
  A goblin skeleton (D:12)
  2 goblin zombies (D:12)
  A hobgoblin skeleton (D:12)
  A hobgoblin zombie (D:12)
  An orc skeleton (D:12)
  3 orc zombies (D:12)
  2 bushes
  A butterfly (Lair:1)
337 creatures vanquished.

Vanquished Creatures (others)
  2 orc knights
  7 orc warriors
  A fire bat (Shoals:2)
  3 orc priests (Orc:1)
  3 orc wizards
  12 orcs
  A giant cockroach (D:3)
  2 bushes (Lair:4)
  31 fungi
  143 plants
205 creatures vanquished.

Grand Total: 892 creatures vanquished

Notes
Turn   | Place    | Note
-------+----------+-------------------------------------------
     0 | D:1      | Ofeo the Hill Orc Monk began the quest for the Orb.
     0 | D:1      | Reached XP level 1. HP: 19/19 MP: 1/1
   364 | D:1      | Reached XP level 2. HP: 26/27 MP: 2/2
  1031 | D:1      | Reached XP level 3. HP: 33/33 MP: 3/3
  1238 | D:2      | Identified the +6 short sword "Tatuaj Luduq" {vorpal,
                  | Int+4}
  1297 | D:2      | Found a faded altar of an unknown god.
  2237 | D:2      | Reached XP level 4. HP: 40/40 MP: 4/4
  2344 | D:2      | Noticed Sigmund
  2350 | D:2      | Gained mutation: Your flesh is cold resistant. (rC+)
                  | [potion of mutation]
  2350 | D:2      | Gained mutation: Your spells are a little harder to cast,
                  | but a little more powerful. [potion of mutation]
  2350 | D:2      | Gained mutation: You are agile. (Dex +4, Str/Int -1)
                  | [potion of mutation]
  2357 | D:2      | Killed Sigmund
  2358 | D:2      | Reached skill level 5 in Axes
  2358 | D:2      | Reached XP level 5. HP: 36/47 MP: 5/5
  2596 | D:3      | Became a worshipper of Beogh the Brigand
  2596 | D:3      | Reached * piety under Beogh
  2596 | D:3      | Reached ** piety under Beogh
  2627 | D:3      | Reached skill level 5 in Fighting
  2627 | D:3      | Reached XP level 6. HP: 54/56 MP: 6/6
  3166 | D:3      | Found a glowing drain.
  3182 | Sewer    | Entered a sewer
  3223 | Sewer    | Noticed Pargi
  3234 | Sewer    | Killed Pargi
  3235 | Sewer    | Reached skill level 1 in Invocations
  3322 | Sewer    | Reached skill level 1 in Armour
  3701 | D:3      | Found a basalt altar of Yredelemnul.
  3710 | D:3      | Reached XP level 7. HP: 56/61 MP: 7/7
  4289 | D:4      | Found a shimmering blue altar of Sif Muna.
  4312 | D:4      | Found an ancient bone altar of Kikubaaqudgha.
  4329 | D:4      | Found a radiant altar of Vehumet.
  4353 | D:4      | Got Vehumet's Compilation of Hurting
  4485 | D:4      | Found Upseghan's Jewellery Shoppe.
  4621 | D:4      | Found an iron altar of Okawaru.
  4638 | D:4      | Noticed Grinder
  4674 | D:4      | Killed Grinder
  4675 | D:4      | Reached XP level 8. HP: 21/70 MP: 8/10
  5036 | D:4      | Noticed Edmund
  5044 | D:4      | Killed Edmund
  5331 | D:4      | Noticed Duvessa
  5331 | D:4      | Noticed Dowan
  5356 | D:4      | Killed Duvessa
  5365 | D:4      | Killed Dowan
  5666 | D:4      | Found a glowing silver altar of Zin.
  5828 | D:4      | Found a sacrificial altar of Ru.
  5884 | D:5      | Entered Level 5 of the Dungeon
  6192 | D:5      | Found a staircase to the Ecumenical Temple.
  6380 | D:5      | Reached skill level 5 in Invocations
  6380 | D:5      | Reached XP level 9. HP: 62/79 MP: 12/12
  6386 | D:5      | Reached *** piety under Beogh
  6394 | D:5      | Reached skill level 5 in Stealth
  6618 | D:5      | Found a white marble altar of Elyvilon.
  6618 | D:5      | Identified the +5 ring mail "Alon Lofarph" {Int+7}
  6764 | D:5      | Found a shimmering altar of Xom.
  7624 | D:6      | Found a bloodstained altar of Trog.
  7852 | D:6      | Reached skill level 5 in Armour
  7900 | D:6      | Found Ikkibun's Distillery.
  7911 | D:6      | Bought a potion of haste for 140 gold pieces
  7911 | D:6      | Bought a potion of curing for 42 gold pieces
  7911 | D:6      | Bought a potion of degeneration for 14 gold pieces
  8028 | D:6      | Found Neusith's Weapon Shoppe.
  8879 | D:7      | Gained Boderik as an ally
  9061 | D:7      | Found a burning altar of Makhleb.
  9512 | D:7      | Reached XP level 10. HP: 90/90 MP: 15/15
 10148 | D:8      | Found an opulent altar of Gozag.
 10329 | D:8      | Your ally Boderik died
 11208 | D:9      | Noticed a two-headed ogre
 11219 | D:9      | Reached **** piety under Beogh
 11223 | D:9      | Killed a two-headed ogre
 11225 | D:9      | Reached skill level 10 in Axes
 11633 | D:9      | Noticed a two-headed ogre
 11640 | D:9      | Killed a two-headed ogre
 11806 | D:9      | Gained Wargath as an ally
 11965 | D:9      | Found Ajof's Changing Room.
 12516 | D:9      | Found a faded altar of an unknown god.
 12516 | D:9      | Found a faded altar of an unknown god.
 12518 | D:9      | Found a hazy altar of Hepliaklqana.
 12736 | D:10     | Entered Level 10 of the Dungeon
 12750 | D:10     | Noticed Nergalle
 12757 | D:10     | Killed Nergalle
 12758 | D:10     | Reached XP level 11. HP: 94/99 MP: 13/17
 12794 | D:10     | Noticed Erica
 12800 | D:10     | Killed Erica
 13128 | D:10     | Noticed a death yak
 13131 | D:10     | Noticed a death yak
 13146 | D:10     | Killed a death yak
 13147 | D:10     | Reached skill level 10 in Fighting
 13148 | D:10     | Noticed a death yak
 13148 | D:10     | Killed a death yak
 13150 | D:10     | Noticed a death yak
 13151 | D:10     | Noticed a death yak
 13156 | D:10     | Killed a death yak
 13158 | D:10     | Noticed a two-headed ogre
 13158 | D:10     | Killed a death yak
 13162 | D:10     | Killed a death yak
 13169 | D:10     | Killed a two-headed ogre
 13175 | D:10     | Noticed Maurice
 13182 | D:10     | Killed Maurice
 13526 | D:10     | Noticed a two-headed ogre
 13534 | D:10     | Killed a two-headed ogre
 13703 | D:10     | Found a staircase to the Lair.
 13721 | D:10     | Found Kide's Elemental Accessories.
 13726 | D:10     | Found a blossoming altar of Fedhas.
 13927 | D:10     | Found Tuod Widd's Antique Armour Shoppe.
 13933 | D:10     | Bought a runed helmet for 165 gold pieces
 13933 | D:10     | Bought a shiny helmet for 165 gold pieces
 14287 | D:11     | Noticed a manticore
 14290 | D:11     | Killed a manticore
 14387 | D:11     | Noticed a seven-headed hydra
 14395 | D:11     | Killed a seven-headed hydra
 14396 | D:11     | Reached skill level 10 in Invocations
 14707 | D:11     | Noticed a two-headed ogre
 14712 | D:11     | Killed a two-headed ogre
 14883 | D:11     | Noticed Urug
 14895 | D:11     | Killed Urug
 14969 | D:11     | Noticed a two-headed ogre
 14980 | D:11     | Killed a two-headed ogre
 14981 | D:11     | Reached XP level 12. HP: 110/110 MP: 19/19
 15903 | D:12     | Noticed Snorg
 15912 | D:12     | Killed Snorg
 16132 | D:12     | Gained Orik as an ally
 16144 | D:12     | Found a staircase to the Orcish Mines.
 16408 | D:12     | Identified the +4 spear of Generosity {drain, Dex+6 Stlth+}
 16955 | Orc:1    | Entered Level 1 of the Orcish Mines
 16955 | Orc:1    | Noticed Fannar
 16964 | Orc:1    | Killed Fannar
 17049 | Lair:1   | Entered Level 1 of the Lair of Beasts
 17049 | Lair:1   | Noticed a four-headed hydra
 17063 | Lair:1   | Killed a four-headed hydra
 17069 | Lair:1   | Found a runed translucent door.
 17373 | Lair:1   | Noticed Valamore's ghost (journeyman GrFi)
 18263 | Orc:1    | Gained Bogmar as an ally
 18263 | Orc:1    | Noticed Jorgrun
 18751 | Lair:1   | Found a snail-covered altar of Cheibriados.
 19074 | Lair:1   | Noticed a boulder beetle
 19080 | Lair:1   | Killed a boulder beetle
 19092 | Lair:1   | Got the Handbook of Overcast Metal
 19189 | Lair:1   | Noticed Amaemon
 19199 | Lair:1   | Killed Amaemon
 19477 | Lair:1   | Reached skill level 10 in Armour
 20172 | Lair:1   | Killed Valamore's ghost
 20182 | Lair:1   | Identified the +10 triple sword of Freezing Defence
                  | {vorpal, Dex+5}
 20254 | Lair:2   | Reached skill level 1 in Long Blades
 20435 | Lair:2   | Found a hole to the Spider Nest.
 20443 | Lair:2   | Reached XP level 13. HP: 93/118 MP: 21/21
 20967 | Lair:2   | Found a staircase to the Shoals.
 21010 | Lair:2   | Got Pehiwoe's Secrets of Metamorphic Grit
 21138 | Lair:2   | Identified a scroll of acquirement
 21139 | Lair:2   | Acquired 811 gold pieces
 21145 | Lair:2   | Reached XP level 14. HP: 124/126 MP: 22/22
 21627 | Lair:3   | Noticed Rupert
 21634 | Lair:3   | Killed Rupert
 21689 | Lair:3   | Reached skill level 10 in Long Blades
 22406 | Lair:4   | Found a white marble altar of Elyvilon.
 22543 | Lair:4   | Reached ***** piety under Beogh
 23153 | Lair:5   | Entered Level 5 of the Lair of Beasts
 23160 | Lair:5   | Gained Thorok as an ally
 23169 | Lair:5   | Your ally Thorok died
 23487 | Lair:5   | Found a staircase to the Slime Pits.
 23785 | Lair:5   | Reached skill level 5 in Dodging
 23965 | Lair:5   | Reached XP level 15. HP: 127/135 MP: 24/24
 24505 | D:13     | Reached ****** piety under Beogh
 24649 | D:13     | Gained Orkwin as an ally
 25110 | D:13     | Identified the +9 chain mail "Zidghoewk" {-Cast Harm Dex-2
                  | Stlth+}
 25176 | D:13     | Found a gate to the Vaults.
 25842 | D:14     | Identified the +7 morningstar "Kaymin" {vorpal, rElec rC+
                  | rCorr}
 27515 | D:15     | Entered Level 15 of the Dungeon
 28079 | D:15     | Identified the +3 plate armour of Voejomn {+Blink}
 28369 | D:15     | Found a staircase to the Depths.
 29108 | Spider:1 | Entered Level 1 of the Spider Nest
 29161 | Shoals:1 | Entered Level 1 of the Shoals
 29175 | Shoals:1 | Reached XP level 16. HP: 130/147 MP: 26/26
 29586 | Shoals:1 | Found Akit's Weapon Shoppe.
 29821 | Shoals:1 | Identified the +5 long sword of Floods {holy, Stlth+}
 30206 | Shoals:1 | Identified the +14 chain mail "Nobeir" {rF- Regen+ SInv}
 30330 | Shoals:1 | Reached skill level 15 in Invocations
 30814 | Shoals:2 | Found a runed translucent door.
 30821 | Shoals:2 | Reached skill level 15 in Fighting
 30830 | Shoals:2 | Found a corrupted altar of Lugonu.
 30837 | Shoals:2 | Your ally Orkwin died
 30841 | Shoals:2 | Gained Bogdan as an ally
 30843 | Shoals:2 | Your ally Bogdan died
 30915 | Shoals:2 | Found a one-way gate to the infinite horrors of the Abyss.
 31819 | Shoals:2 | Upgraded the game from 0.29.0-13-gc9e81de378 to 0.29.1
 31830 | Shoals:2 | Quit the game

Illustrated notes

Levels and vault maps discovered:
D:1:      elethiomel_arrival_infinity_welcomes_careful_drivers, layout_basic
D:2:      layout_loops_corners, shapermc_ecumenical_altar_gd, uniq_sigmund
D:3:      layout_basic, nicolae_yredelemnul_corpse_copse, portal_sewer_entry_d
D:4:      layout_cave_pools, palyth_temple_overflow_mages, lemuel_crystal_altar,
          mainiacjoe_overflow_big_doors, serial_shops, shop, uniq_duvessa,
          uniq_edmund, uniq_grinder
D:5:      layout_rooms, kennysheep_mini, elyvilon_altar_1,
          minmay_temple_entry_tees, minmay_misc_feat_columns
D:6:      minmay_diamond_boxcup, layout_basic, lemuel_doored_altar,
          serial_shops, nicolae_shop_crystal, shop
D:7:      layout_basic, mainiacjoe_overflow_boulevard
D:8:      nicolae_whirlpool, layout_cave_pods,
          nicolae_gozag_cash_rules_everything_around_me,
          dreamdust_princess_corridor
D:9:      layout_long_grid, nicolae_hepliaklqana_ecumenical_no_more,
          nicolae_transmutations_shop, hangedman_abyss_or_decor_stabs,
          minmay_diced_spiral
D:10:     layout_roguey, overflow_temple_1_default, dpeg_lair_monsters,
          serial_shops, shop, chequers_serial_rivers_micro_d,
          minmay_statues_item, kennysheep_diamond, nicolae_elemental_shop,
          uniq_maurice, uniq_nergalle, uniq_erica
D:11:     layout_irregular_city, uniq_urug
D:12:     layout_cave_pods, zombieorc2_lemuel, amcnicky_mini_corridor_feature,
          uniq_snorg
D:13:     wad_woods_minihive, layout_gridville, erik_vaults_2
D:14:     layout_stronghold, serial_park_paths [serial_park_minivault_5x5_6],
          grunt_decor_cap, evilmike_minifort
D:15:     gammafunk_enter_depths_forms, layout_irregular_city,
          corexii_corridor_pit
Lair:1:   layout_loops_ring, ebering_ghost_reflecting_pool,
          kennysheep_snail_temple, serial_bayou_shore_b, lemuel_fruit_fields,
          infiniplex_staircase_pool_2, uniq_amaemon
Lair:2:   layout_roguey, minmay_shoals_entry_centaurs,
          nicolae_spider_entry_non_spiders, st_stairs_8, serial_bayou_shore_b
Lair:3:   layout_big_grid, infiniplex_staircase_pool, uniq_rupert
Lair:4:   layout_gridlike, basic_altar, nicolae_lair_grazing_beasts
          [nicolae_sub_lair_graze_edge, nicolae_sub_lair_graze_edge,
          nicolae_sub_lair_graze_edge, nicolae_sub_lair_graze_edge],
          grunt_megastairs_5, lemuel_fruit_tree
Lair:5:   evilmike_catoblepas_cave, layout_regular_city,
          dpeg_slime_entry_corner, portal_ice_cave_demonic_guard,
          grunt_megastairs_2
Shoals:1: layout_shoals, serial_shops, nicolae_shop_hallway_plus
Shoals:2: layout_shoals, nicolae_shoals_abyss_on_the_beach
Spider:1: nicolae_spider_corner, hellmonk_ghost_happy_afterlife
Orc:1:    layout_caves, serial_shops, uniq_fannar, uniq_jorgrun

Skill      XL: |  1  2  3  4  5  6  7  8  9 10 11 12 13 14 15 16 |
---------------+-------------------------------------------------+-----
Fighting       | 4 5 6 7 8 9 11 12 13 14 15 | 15.2
Stealth        | 2 3 4 6 7 8 9 |  9.1
Axes           | 5 6 7 9 10 11 13 | 13.1
Dodging        | 3 5 6 7 |  7.7
Invocations    | 1 3 5 7 8 10 11 13 14 15 | 15.4
Armour         | 1 2 4 5 7 8 10 11 12 13 | 13.2
Long Blades    | 2 8 11 13 | 13.9

Action                   |  1- 3 |  4- 6 |  7- 9 | 10-12 | 13-15 | 16-18 || total
-------------------------+-------+-------+-------+-------+-------+-------++-------
Melee: Hand axe          |    69 |       |       |       |       |       ||    69
       Punch             |     2 |     4 |     3 |     8 |       |       ||    17
       War axe           |    34 |    13 |   304 |   443 |       |       ||   794
       Short sword       |       |    82 |       |       |       |       ||    82
       Trident           |       |       |       |    16 |       |       ||    16
       Eveningstar       |       |       |       |     9 |    10 |       ||    19
       Triple sword      |       |       |       |     7 |   318 |   122 ||   447
Throw: Dart              |       |       |       |     3 |       |       ||     3
Invok: Convert to Beogh  |       |     1 |       |       |       |       ||     1
       Smiting           |       |       |     1 |    15 |    11 |     4 ||    31
       Recall Orcish Fol |       |       |       |     4 |    11 |     4 ||    19
       Give Item to Name |       |       |       |       |     4 |       ||     4
       Resurrection      |       |       |       |       |     1 |     1 ||     2
Evoke: Wand              |       |       |       |     9 |     2 |     1 ||    12
  Use: Potion            |       |     4 |     1 |     3 |     3 |       ||    11
       Scroll            |       |    14 |     1 |     2 |    12 |       ||    29
 Stab: Sleeping          |     1 |       |     1 |     6 |     2 |       ||    10
       Distracted        |       |       |       |     5 |     8 |       ||    13
Armor: Robe              |     3 |       |       |       |       |       ||     3
       Chain mail        |    44 |    66 |   129 |       |       |    94 ||   333
       Ring mail         |       |       |    78 |   266 |   267 |    42 ||   653
Dodge: Dodged            |    40 |    51 |   159 |   291 |   345 |   163 ||  1049
